 Dungeon Sprint DCSS version 0.20.1-1-g8b1a95d (webtiles) character file.

954 wojtek the Basher (level 7, -13/71 HPs)
             Began as a Minotaur Fighter on Dec 31, 2017.
             Was a Follower of Trog.
             Mangled by a red devil
             ... wielding a +0 trident
             ... summoned by a kobold demonologist
              (15 damage)
             ... in the Dungeon (Sprint I: "Red Sonja").
             The game lasted 00:01:48 (587 turns).

wojtek the Basher (Minotaur Fighter)                 Turns: 587, Time: 00:01:49

Health: -13/71     AC: 15    Str: 22    XL:     7   Next: 91%
Magic:  6/6        EV:  9    Int:  5    God:    Trog [*.....]
Gold:   405        SH: 10    Dex: 10    Spells: 6/6 levels left

rFire    . . .     SeeInvis .   a - +0 morningstar
rCold    + . .     Gourm    .   c - +0 shield
rNeg     . . .     Faith    .   m - +4 chain mail {rC+}
rPois    .         Spirit   .   (helmet restricted)
rElec    .         Reflect  .   (no cloak)
rCorr    .         Harm     .   (no gloves)
MR       .....     NoTele   +   (no boots)
Stlth    ..........             (no amulet)
Regen    0.3/turn               (no ring)
MPRegen  0.1/turn               (no ring)

@: no status effects
A: retaliatory headbutt, horns 2
a: Berserk, Burn Spellbooks, Renounce Religion


You were in the Dungeon.
You worshipped Trog.
Trog was aware of your devotion.
You were not hungry.

You visited 1 branch You collected 405 gold pieces.

Inventory:

Hand Weapons
 a - a +0 morningstar (weapon)
 b - a +0 flail
Armour
 c - a +0 shield (worn)
 m - a +4 chain mail of cold resistance (worn)
Wands
 l - a wand of random effects (16/48)
Scrolls
 k - a scroll of blinking
 o - a scroll of identify {unknown}
Potions
 d - a potion of might
 e - a potion of curing
 h - a potion of haste
 i - 2 potions of magic
 j - a potion of berserk rage
Comestibles
 f - a bread ration
 n - a royal jelly
 p - 5 chunks of flesh


   Skills:
 + Level 9.9 Fighting
 * Level 12.9 Maces & Flails
 + Level 9.8 Armour
 + Level 6.6 Dodging
 - Level 7.1 Shields


You had 6 spell levels left.
You didn't know any spells.

Dungeon Overview and Level Annotations

Branches:
Dungeon (1/1)

Altars:
Cheibriados
Dithmenos
Elyvilon
Fedhas
Gozag
Hepliaklqana
Kikubaaqudgha
Makhleb
Nemelex Xobeh
Okawaru
Qazlal
Ru
Sif Muna
Trog
Uskayaw
Vehumet
Xom
Yredelemnul
Zin
The Shining One
Jiyva
Lugonu

Shops:
D !


Innate Abilities, Weirdness & Mutations

You reflexively headbutt those who attack you in melee.
You have a pair of horns on your head.


Message History

You block the quasit's attack. The quasit closely misses you.
Your shield and chain mail prevent you from hitting the kobold demonologist.
You headbutt the kobold demonologist, but do no damage.
The kobold demonologist is heavily wounded.
The kobold demonologist closely misses you.
The quasit bites you but does no damage.
The quasit claws you but does no damage.
The quasit barely misses you. You block the red devil's attack.
You hit the kobold demonologist but do no damage.
The kobold demonologist is heavily wounded.
The kobold demonologist mumbles some strange words.
You block the quasit's attack.
The quasit claws you but does no damage.
The quasit barely misses you.
Unknown command.
You sock the kobold demonologist!
The kobold demonologist is severely wounded.
You block the sixfirhy's attack.
The red devil hits you from afar with a trident!
You die...

#####################
.').#..'..#__#.3@54.#
[#..').#..'^.'..#K4.#
###'#####'#__####5..+
##..#...#.#### ####
_####..##.#
____##'#..+
.∩...'..._#
..__##_.#'#
____###+#.#


You could see a kobold demonologist, a sixfirhy, 2 red devils, an iron imp and a
quasit.

Vanquished Creatures
  A kobold demonologist (D)
  A slime creature (D)
  A yak (D)
  Sigmund (D)
  A floating eye (D)
  An ogre (D)
  A jelly (D)
  Ijyb (D)
8 creatures vanquished.

Notes
Turn   | Place    | Note
-------+----------+-------------------------------------------
     0 | D        | wojtek the Minotaur Fighter began the quest for the Orb.
     0 | D        | Reached XP level 1. HP: 19/19 MP: 0/0
     1 | D        | Noticed Ijyb
    30 | D        | Killed Ijyb
    30 | D        | Reached skill level 5 in Maces & Flails
    30 | D        | Reached XP level 2. HP: 27/28 MP: 1/1
    47 | D        | Noticed an ogre
    52 | D        | Killed an ogre
    52 | D        | Reached skill level 8 in Maces & Flails
    52 | D        | Reached XP level 3. HP: 26/38 MP: 2/2
    52 | D        | Reached XP level 4. HP: 30/45 MP: 3/3
   147 | D        | Noticed Sigmund
   165 | D        | Killed Sigmund
   165 | D        | Reached skill level 9 in Maces & Flails
   165 | D        | Reached skill level 5 in Shields
   165 | D        | Reached XP level 5. HP: 18/53 MP: 4/4
   373 | D        | Found a burning altar of Makhleb.
   373 | D        | Found a viscous altar of Jiyva.
   373 | D        | Found a shimmering altar of Xom.
   373 | D        | Found a corrupted altar of Lugonu.
   373 | D        | Noticed a slime creature
   384 | D        | Killed a slime creature
   384 | D        | Reached skill level 11 in Maces & Flails
   384 | D        | Reached XP level 6. HP: 49/62 MP: 5/5
   385 | D        | Found a deep blue altar of Sif Muna.
   387 | D        | Found a radiant altar of Vehumet.
   477 | D        | Found Baabrass's Distillery.
   477 | D        | Found an ancient bone altar of Kikubaaqudgha.
   477 | D        | Found a hazy altar of Hepliaklqana.
   477 | D        | Found a stormy altar of Qazlal.
   477 | D        | Found a hide-covered altar of Uskayaw.
   477 | D        | Found a blossoming altar of Fedhas.
   477 | D        | Found a bloodstained altar of Trog.
   477 | D        | Found an iron altar of Okawaru.
   477 | D        | Found a basalt altar of Yredelemnul.
   477 | D        | Found a glowing golden altar of the Shining One.
   477 | D        | Found a snail-covered altar of Cheibriados.
   477 | D        | Found a sacrificial altar of Ru.
   477 | D        | Found a glowing silver altar of Zin.
   477 | D        | Found a shadowy altar of Dithmenos.
   477 | D        | Found a white marble altar of Elyvilon.
   477 | D        | Noticed a yak
   484 | D        | Killed a yak
   484 | D        | Reached skill level 5 in Dodging
   484 | D        | Reached XP level 7. HP: 55/70 MP: 6/6
   485 | D        | Found an opulent altar of Gozag.
   488 | D        | Found a sparkling altar of Nemelex Xobeh.
   492 | D        | Became a worshipper of Trog the Wrathful
   565 | D        | Noticed a kobold demonologist
   566 | D        | Noticed a kobold demonologist
   567 | D        | Noticed a red devil
   567 | D        | Reached skill level 12 in Maces & Flails
   571 | D        | Noticed a sixfirhy
   573 | D        | Noticed a sun demon
   576 | D        | Noticed a smoke demon
   577 | D        | HP: 2/70 [sun demon[a kobold demonologist] (19)]
   579 | D        | Killed a kobold demonologist
   579 | D        | Reached * piety under Trog
   584 | D        | HP: 2/71 [red devil/trident[a kobold demonologist] (9)]
   585 | D        | Noticed a sixfirhy
   587 | D        | Noticed a red devil
   587 | D        | Mangled by a red devil

Skill      XL: |  1  2  3  4  5  6  7 |
---------------+----------------------+-----
Fighting       | 4 6 7 8 9 |  9.9
Maces & Flails | 5 8 9 11 12 | 12.9
Armour         | 4 6 7 8 9 |  9.8
Dodging        | 3 4 5 6 |  6.6
Shields        | 5 6 7 |  7.1

Action                   |  1- 3 |  4- 6 |  7- 9 || total
-------------------------+-------+-------+-------++-------
Melee: Flail             |    33 |    23 |       ||    56
       Headbutt          |     7 |    12 |     2 ||    21
       Morningstar       |       |     7 |    20 ||    27
  Use: Potion            |       |       |     1 ||     1
Armor: Scale mail        |    11 |       |       ||    11
       Chain mail        |       |     6 |    26 ||    32
Dodge: Dodged            |     6 |     5 |    19 ||    30
Block: Shield            |    13 |     5 |    29 ||    47
